 Dungeon Crawl Stone Soup version 0.31-a0-358-gac0dbeb3ab (webtiles) character file.

Game seed: 1558859215513438366

623 randomguy2701 the Chopper (level 7, -5/61 HPs)
             Began as a Minotaur Fighter on July 26, 2023.
             Was a Follower of Okawaru.
             Killed by nerve-wracking pain
             ... invoked by an orc priest
              (14 damage)
             ... on level 6 of the Dungeon.
             The game lasted 00:04:48 (3597 turns).

randomguy2701 the Chopper (Minotaur Fighter)        Turns: 3597, Time: 00:04:49

Health: -5/61      AC: 10    Str: 22    XL:     7   Next: 22%
Magic:  6/6        EV:  8    Int:  5    God:    Okawaru [*.....]
Gold:   196        SH:  9    Dex: 10    Spells: 6/6 levels left

rFire   . . .        a - +0 war axe
rCold   . . .        c - +0 buckler
rNeg    . . .        r - +0 chain mail
rPois   .            (helmet restricted)
rElec   .            (no cloak)
rCorr   .            (no gloves)
SInv    .            (no boots)
Will    .....        o - amulet of reflection Stlth
                     (no ring)
HPRegen 0.30/turn    (no ring)
MPRegen 0.10/turn

%: reflection
@: no status effects
A: horns 2, retaliatory headbutt
a: Renounce Religion, Heroism


You were on level 6 of the Dungeon.
You worshipped Okawaru.
Okawaru was aware of your devotion.
You visited 1 branch of the dungeon, and saw 6 of its levels.

You collected 196 gold pieces.

Inventory:

Hand Weapons
 a - a +0 war axe (weapon)
 q - a +0 triple crossbow
Armour
 b - a +0 scale mail
 c - a +0 buckler (worn)
 r - a +0 chain mail (worn)
Jewellery
 o - an amulet of reflection (around neck)
 s - the ring "Juby" {Fly rCorr SInv}
   (You found it on level 4 of the Dungeon)

   [ring of flight]

   SInv:      It lets you see invisible.
   Fly:       It grants you flight.
   rCorr:     It protects you from acid and corrosion.
Wands
 t - a wand of paralysis (13)
Scrolls
 e - 6 scrolls of identify {unknown}
 h - a scroll of acquirement {unknown}
 i - 8 scrolls of teleportation {unknown}
 k - 2 scrolls of noise {unknown}
 m - a scroll of summoning {unknown}
 p - 2 scrolls of fog {unknown}
 u - a scroll of fear {unknown}
Potions
 d - a potion of might
 f - a potion of degeneration {unknown}
 g - a potion of haste {unknown}
 j - a potion of berserk rage {unknown}
 l - a potion of mutation {unknown}
 n - a potion of brilliance {unknown}


   Skills:
 + Level 5.2 Fighting
 + Level 6.4 Axes
 + Level 5.9 Armour
 + Level 1.6 Dodging
 + Level 0.1 Stealth
 + Level 4.8 Shields


You had 6 spell levels left.
You didn't know any spells.
Your spell library contained the following spells:

 Spells                   Type           Power      Damage    Failure   Level
 Ensorcelled Hibernation  Hex/Ice        0%         N/A       99%         2
 Passwall                 Tmut/Erth      0%         N/A       99%         2
 Swiftness                Air            0%         N/A       100%        3


Dungeon Overview and Level Annotations

Branches:
Dungeon (6/15)
 Temple: D:4-7

Altars:
Okawaru
Trog

Shops:
D:3 :


Innate Abilities, Weirdness & Mutations

You have a pair of horns on your head.
You reflexively headbutt those who attack you in melee.


Message History

You hit the orc priest.
The orc priest is severely wounded.
You barely miss something. You block the orc priest's attack.
Something hits you.
You hit the orc priest but do no damage.
The orc priest is severely wounded.
You miss something. You block the orc priest's attack.
You hear some strange, mumbled words.
You are confused.
Something hits you but does no damage.
The orc priest invokes the aid of Beogh against you.
Beogh smites you!
* * * LOW HITPOINT WARNING * * *
You hear some strange, mumbled words.
A puff of flame appears from out of thin air!
The puff of flame hits you.
* * * LOW HITPOINT WARNING * * *
You are too confused!
The orc priest hits you but does no damage.
Something hits you but does no damage.
You bump into the rock wall.
The orc priest closely misses you. Something hits you.
* * * LOW HITPOINT WARNING * * *
You hit the orc priest.
The orc priest is almost dead.
You closely miss something. The orc priest barely misses you.
Something hits you but does no damage. The orc closely misses you.
The orc priest barely misses you.
You hear some strange, mumbled words.
Something tries to affect you, but you resist.
Something hits you but does no damage. The orc hits you but does no damage.
Things that are here:
a +0 hand axe; an orc corpse You feel less confused.
The orc closely misses you. You furiously retaliate!
You headbutt the orc!
You kill the orc!
Okawaru accepts your kill.
The orc priest calls down the wrath of Beogh upon you.
Pain shoots through your body!
You die...

## .... .. ... ###.
####..# ....#.....#
#..#.#..####
#...........
#.###.##....# .#
.....>?..@..###.# ###
#.....)o)........
#....###.###.)......#
#... ###.# #........#
#....#...###......#.#
#..[.#.#........###.##
#.............#.......
#....#.##.............
#.....<............:..


You could see an orc priest.

Vanquished Creatures
  Eustachio (D:4)
  Edmund (D:4)
  A scorpion (D:3)
  A howler monkey (D:4)
  Jessica (D:3)
  An iguana (D:4)
  5 gnolls (D:4)
  6 adders
  A dart slug (D:2)
  4 orcs
  3 ball pythons
  7 endoplasms
  5 giant cockroaches
  8 hobgoblins
  10 jackals
  10 kobolds
  7 quokkas
  16 bats
  6 frilled lizards
  5 goblins
  7 rats
106 creatures vanquished.

Notes
Turn   | Place    | Note
-------+----------+-------------------------------------------
     0 | D:1      | randomguy2701 the Minotaur Fighter began the quest for the
                  | Orb.
     0 | D:1      | Reached XP level 1. HP: 19/19 MP: 0/0
   154 | D:1      | Reached XP level 2. HP: 24/27 MP: 1/1
   220 | D:1      | Reached skill level 3 in Axes
   356 | D:1      | Reached XP level 3. HP: 29/33 MP: 2/2
   862 | D:2      | Found a bloodstained altar of Trog.
  1187 | D:2      | Reached XP level 4. HP: 35/40 MP: 3/3
  1446 | D:3      | Noticed Jessica
  1449 | D:3      | Killed Jessica
  1450 | D:3      | Reached skill level 4 in Axes
  1563 | D:3      | Found Aniluem's Book Emporium.
  1712 | D:3      | Noticed a scorpion
  1722 | D:3      | Killed a scorpion
  1723 | D:3      | Reached skill level 5 in Armour
  1723 | D:3      | Reached skill level 1 in Dodging
  1723 | D:3      | Reached XP level 5. HP: 17/47 MP: 4/4
  2097 | D:3      | Found an iron altar of Okawaru.
  2550 | D:3      | Became a worshipper of Warmaster Okawaru
  2692 | D:4      | Reached skill level 5 in Axes
  2727 | D:4      | Noticed Eustachio
  2746 | D:4      | Killed Eustachio
  2747 | D:4      | Reached XP level 6. HP: 41/55 MP: 5/5
  2859 | D:4      | Identified the ring "Juby" {Fly rCorr SInv}
  2896 | D:4      | Noticed Edmund
  2915 | D:4      | Killed Edmund
  2915 | D:4      | Reached * piety under Okawaru
  2916 | D:4      | Reached skill level 5 in Fighting
  2916 | D:4      | Reached skill level 6 in Axes
  2916 | D:4      | Reached XP level 7. HP: 52/61 MP: 6/6
  3390 | D:5      | Entered Level 5 of the Dungeon
  3390 | D:5      | Noticed a wyvern
  3597 | D:6      | Killed from afar by an orc priest

Illustrated notes

Levels and vault maps discovered:
D:1:      dpeg_arrival_ternary, layout_loops_ring
D:2:      layout_basic, basic_altar, minmay_heptomino_w4
D:3:      kennysheep_six_static_rooms, layout_basic, okawaru_metal_pillars_3,
          serial_shops, nicolae_shop_peninsula, uniq_jessica
D:4:      layout_basic, uniq_eustachio, uniq_edmund
D:5:      layout_loops_ring, minmay_manual_monstrance
D:6:      layout_basic, minmay_temple_entry_nine_rooms

Skill      XL: |  1  2  3  4  5  6 |
---------------+-------------------+-----
Armour         | 4 5 |  5.9
Axes           | 3 4 5 6 |  6.4
Shields        | 4 |  4.8
Fighting       | 4 5 |  5.2
Dodging        | 1 |  1.6
Stealth        | |  0.1

Action                     |  1- 3 |  4- 6 |  7- 9 || total
---------------------------+-------+-------+-------++-------
  Melee: War axe           |    96 |   108 |    53 ||   257
         Headbutt          |     9 |    12 |     7 ||    28
 Armour: Scale mail        |    57 |    44 |       ||   101
         Chain mail        |       |    11 |    21 ||    32
  Dodge: Dodged            |    37 |    53 |    19 ||   109
  Block: Buckler           |    20 |    34 |    19 ||    73

Table legend: (Time is in decaauts)
 A = Elapsed time spent in this place.
 B = Non-inter-level travel time spent in this place.
 C = Inter-level travel time spent in this place.
 D = Time resting spent in this place.
 E = Time spent auto-exploring this place.
 F = Levels seen in this place.
 G = Mean time per level.
                   A        B        C        D        E       F      G
               +--------+--------+--------+--------+--------+-----+--------+
         Total |   3677 |   3462 |    215 |    163 |   2594 |   6 |  612.8 |
       Dungeon |   3677 |   3462 |    215 |    163 |   2594 |   6 |  612.8 |
               +--------+--------+--------+--------+--------+-----+--------+

Top non-repeatable levels by time:
     D:3: 1203 daAuts
     D:2: 775 daAuts
     D:1: 759 daAuts
     D:4: 730 daAuts
     D:6: 197 daAuts
     D:5: 10 daAuts
